 Dungeon Crawl Stone Soup version 0.28.0-53-g5a82cb258f (webtiles) character file.

Game seed: 14730063249902157436

833 m4nu the Poker (level 7, -9/56 HPs)
             Began as a Merfolk Gladiator on Aug 19, 2022.
             Was an Initiate of Trog.
             Mangled by a two-headed ogre
             ... wielding a +0 giant club
              (16 damage)
             ... on level 4 of the Dungeon on Aug 20, 2022.
             The game lasted 00:43:03 (4498 turns).

m4nu the Poker (Merfolk Gladiator)                  Turns: 4498, Time: 00:43:04

Health: -9/56      AC:  6    Str: 16    XL:     7   Next: 98%
Magic:  7/7        EV: 14    Int:  7    God:    Trog [......]
Gold:   286        SH:  0    Dex: 16    Spells: 6/6 levels left

rFire   . . .      SeeInvis .   a - +0 trident
rCold   . . .      Faith    .   (no shield)
rNeg    . . .      Spirit   .   p - +0 ring mail
rPois   .          Reflect  .   c - +0 helmet
rElec   .          Harm     .   (no cloak)
rCorr   .          Rampage  .   (no gloves)
Will    .....                   (no boots)
Stlth   +.........              q - amulet of regeneration
HPRegen 0.98/turn               (no ring)
MPRegen 0.10/turn               (no ring)

@: no status effects
A: (nimble swimmer 2), mertail
a: Renounce Religion


You were on level 4 of the Dungeon.
You worshipped Trog.
Trog was noncommittal.
You visited 2 branches of the dungeon, and saw 6 of its levels.

You collected 298 gold pieces.
You spent 12 gold pieces at shops.

Inventory:

Hand Weapons
 a - a +0 trident (weapon)
Missiles
 d - 3 throwing nets
 h - 52 bolts
 k - 5 boomerangs (quivered)
 v - a javelin
 A - 23 poisoned darts
Armour
 c - a +0 helmet (worn)
 p - a +0 ring mail (worn)
 B - an orb of wrath
Magical Staves
 g - a staff of death
 z - a staff of air
Jewellery
 l - an amulet of faith
 q - an amulet of regeneration (around neck)
 y - a ring of fire
 C - an amulet of guardian spirit
Wands
 b - a wand of iceblast (9)
 w - a wand of flame (17)
Scrolls
 e - 2 scrolls of teleportation
 f - a scroll of identify
 m - a scroll of enchant weapon {unknown}
 s - a scroll of torment {unknown}
 t - a scroll of magic mapping {unknown}
 x - a scroll of brand weapon {unknown}
 E - a scroll of vulnerability {unknown}
Potions
 i - a potion of flight {unknown}
 j - a potion of curing {unknown}
 n - 2 potions of heal wounds {unknown}
 o - a potion of resistance {unknown}
 r - 2 potions of brilliance {unknown}
 u - a potion of lignification {unknown}
 D - a potion of cancellation {unknown}
 F - a potion of berserk rage {unknown}


   Skills:
 + Level 5.1 Fighting
 + Level 7.6 Polearms
 + Level 4.6 Throwing
 + Level 6.9 Dodging


You had 6 spell levels left.
You didn't know any spells.
Your spell library contained the following spells:

 Spells                   Type           Power      Damage    Failure   Level
 Ensorcelled Hibernation  Hex/Ice        0%         N/A       80%         2
 Scorch                   Fire           0%         2d5       80%         2
 Portal Projectile        Hex/Tloc       0%         N/A       95%         3
 Spider Form              Tmut/Pois      0%         N/A       95%         3
 Anguish                  Hex/Necr       0%         N/A       100%        4
 Flame Wave               Conj/Fire      0%         2d4       100%        4
 Blade Hands              Tmut           0%         N/A       100%        5
 Excruciating Wounds      Necr           0%         N/A       100%        5
 Summon Cactus Giant      Summ           0%         N/A       100%        6


Dungeon Overview and Level Annotations

Branches:
Dungeon (5/15)             Temple (1/1) D:4

Altars:
Ashenzari
Dithmenos
Fedhas
Gozag
Hepliaklqana
Kikubaaqudgha
Makhleb
Nemelex Xobeh
Ru
Sif Muna
Trog
Vehumet
Yredelemnul
Zin
The Shining One

Shops:
D:2 (


Innate Abilities, Weirdness & Mutations

((You are very nimble when in or above water. (Stealth+, EV+, Speed+++)))
Your lower body shifts to a powerful aquatic tail in water.


Message History

You throw a javelin.
The javelin pierces through the two-headed ogre!
The two-headed ogre is moderately wounded.
Throw: 2 javelins
Press: ? - help, Shift-Dir - straight line, f/p - two-headed ogre
Aim: a two-headed ogre, wielding two +0 giant clubs (moderately wounded, 77% to hit)
You throw a javelin.
The javelin pierces through the two-headed ogre.
The two-headed ogre is moderately wounded.
Reach: a) +0 trident
Press: ? - help, Dir - move target, f/p - two-headed ogre
Aim: a two-headed ogre, wielding two +0 giant clubs (moderately wounded, about 23% to evade your +0 trident)
You reach to attack!
You puncture the two-headed ogre!
The two-headed ogre is heavily wounded.
Aiming: Throw Flame
Press: ? - help, Shift-Dir - straight line, f/p - two-headed ogre
Aim: a two-headed ogre, wielding two +0 giant clubs (heavily wounded, 85% to hit)
The puff of flame hits the two-headed ogre!
The two-headed ogre is severely wounded.
The two-headed ogre hits you with a +0 giant club! x2
Aiming: Throw Flame
Press: ? - help, Shift-Dir - straight line, f/p - two-headed ogre
Aim: a two-headed ogre, wielding two +0 giant clubs (severely wounded, 85% to hit)
The puff of flame hits the two-headed ogre.
The two-headed ogre is severely wounded.
The two-headed ogre hits you with a +0 giant club!
* * * LOW HITPOINT WARNING * * *
The two-headed ogre closely misses you.
There is a stone staircase leading up here.
You can't go down here!
The two-headed ogre hits you with a +0 giant club!
* * * LOW HITPOINT WARNING * * *
The two-headed ogre barely misses you.
You climb upwards.
There is a stone staircase leading down here.
The two-headed ogre hits you with a +0 giant club!!
Ouch! That really hurt!
* * * LOW HITPOINT WARNING * * *
The two-headed ogre hits you with a +0 giant club!
You die...

..####..##..##...................
#..#.##......#.......##..........
#.......##........#.....#####....
..#..#............#...)..###.....
..#####.........#######......##.#
...# ##.#.......# ##...........#
...### ##........###...........#.
.....#####.....O.##..###.........
....##.###......@##.....#........
........................[.##...##
...........##.####........##...##
.....##.....####.....###.........
......####..###......# #)....>...
.......###..#.#......####........
........##..............#.##...##
#....................#....##...##
##......#............#...........


You could see a two-headed ogre.

Vanquished Creatures
  Prince Ribbit (D:5)
  A hornet zombie (D:4)
  A necrophage (D:4)
  An ogre (D:5)
  A phantom (D:4)
  2 water moccasin skeletons
  2 hounds (D:5)
  An orc wizard (D:5)
  4 adders
  A worm (D:3)
  2 dart slugs
  6 orcs
  10 ball pythons
  6 endoplasms
  3 giant cockroaches
  5 hobgoblins
  4 jackals (D:3)
  3 quokkas
  7 bats
  2 frilled lizards
  8 goblins
  5 kobolds
  3 rats
79 creatures vanquished.

Notes
Turn   | Place    | Note
-------+----------+-------------------------------------------
     0 | D:1      | m4nu the Merfolk Gladiator began the quest for the Orb.
     0 | D:1      | Reached XP level 1. HP: 16/16 MP: 1/1
   154 | D:1      | Reached XP level 2. HP: 19/23 MP: 2/2
   555 | D:1      | Found a faded altar of an unknown god.
   844 | D:1      | Reached XP level 3. HP: 26/28 MP: 3/3
  1267 | D:2      | Reached skill level 5 in Polearms
  1268 | D:2      | Found Iroifof's Weapon Emporium.
  1295 | D:2      | Bought 2 boomerangs for 12 gold pieces
  1540 | D:2      | Reached XP level 4. HP: 22/34 MP: 4/4
  2209 | D:3      | Noticed an ogre
  3112 | D:4      | Reached skill level 5 in Dodging
  3112 | D:4      | Reached XP level 5. HP: 32/41 MP: 5/5
  3118 | D:4      | Noticed a phantom
  3157 | D:4      | Killed a phantom
  3158 | D:4      | Reached skill level 6 in Polearms
  3292 | D:4      | Noticed a necrophage
  3309 | D:4      | Killed a necrophage
  3310 | D:4      | Reached XP level 6. HP: 44/48 MP: 6/6
  3316 | D:4      | Found a sacrificial altar of Ru.
  3360 | D:4      | Found a staircase to the Ecumenical Temple.
  3873 | Temple   | Entered the Ecumenical Temple
  3913 | Temple   | Became a worshipper of Trog the Wrathful
  4026 | D:5      | Entered Level 5 of the Dungeon
  4041 | D:5      | Reached XP level 7. HP: 55/55 MP: 7/7
  4145 | D:5      | Reached skill level 7 in Polearms
  4211 | D:5      | Noticed Prince Ribbit
  4226 | D:5      | Killed Prince Ribbit
  4227 | D:5      | Reached skill level 5 in Fighting
  4393 | D:5      | Noticed a two-headed ogre
  4498 | D:4      | Mangled by a two-headed ogre

Illustrated notes

Levels and vault maps discovered:
D:1:      zelgadis_glass_arrival_small, layout_basic,
          shapermc_ecumenical_altar_ellora, serial_forest,
          infiniplex_forest_clump_cross, infiniplex_forest_lined_corner,
          infiniplex_forest_end_3, infiniplex_forest_clump_curved,
          infiniplex_forest_straight_1, infiniplex_forest_end_2,
          infiniplex_forest_lined_3_way, infiniplex_forest_end_3,
          infiniplex_forest_lined_room_2, infiniplex_forest_straight_2,
          grunt_decor_mini_mirrors, corexii_corridor_pit, minmay_split_cup_small
D:2:      layout_rooms, serial_shops, shop
D:3:      layout_basic, nrook_mini_backslash
D:4:      layout_cave_pools, marbit_many_paths, minmay_temple_entry_stoned_glass
D:5:      layout_loops_ring, amethyst_killhole, minmay_misc_feat_chi,
          hangedman_decor_push, uniq_prince_ribbit1
Temple:   mainiacjoe_temple_circle_huts

Skill      XL: |  1  2  3  4  5  6  7 |
---------------+----------------------+-----
Polearms       | 5 6 7 |  7.6
Fighting       | 3 4 5 |  5.1
Throwing       | 3 4 |  4.6
Dodging        | 5 6 |  6.9

Action                   |  1- 3 |  4- 6 |  7- 9 || total
-------------------------+-------+-------+-------++-------
Melee: Trident           |    97 |   175 |    58 ||   330
       Punch             |       |     3 |     2 ||     5
Throw: Boomerang         |       |     2 |       ||     2
       Javelin           |       |     3 |     5 ||     8
Evoke: Wand              |       |       |     2 ||     2
  Use: Scroll            |       |     2 |       ||     2
 Stab: Sleeping          |     1 |       |       ||     1
Armor: Leather armour    |    28 |     3 |       ||    31
       Ring mail         |       |    36 |     9 ||    45
Dodge: Dodged            |    73 |   108 |    31 ||   212
